 Dungeon Crawl Stone Soup version 0.25-a0-62-g88673ef095 (webtiles) character file.

Game seed: 1396977031357618681, levelgen mode: deterministic

7645 Gumption the Archer (level 10, -2/88 HPs)
             Began as a Centaur Hunter on Oct 30, 2019.
             Was an Elder of Makhleb.
             Slain by Snorg (14 damage)
             ... on level 10 of the Dungeon.
             The game lasted 02:20:03 (14753 turns).

Gumption the Archer (Centaur Hunter)               Turns: 14753, Time: 02:20:03

Health: -2/88      AC: 15    Str: 18    XL:     10   Next: 99%
Magic:  13/13      EV:  4    Int: 10    God:    Makhleb [****..]
Gold:   374        SH:  0    Dex: 10    Spells: 9/9 levels left

rFire    . . .     SeeInvis .   b - +2 quarterstaff (chaos)
rCold    . . .     Gourm    .   (shield currently unavailable)
rNeg     . . .     Faith    .   R - +0 plate armour
rPois    .         Spirit   .   H - +0 helmet
rElec    .         Reflect  .   B - +1 cloak
rCorr    .         Harm     .   (no gloves)
MR       .....                  (no barding)
Stlth    ..........             (no amulet)
HPRegen  0.24/turn              (no ring)
MPRegen  0.13/turn              (no ring)

@: very quick
A: large, hooves 3, deformed body, speed 2, tough skin 3
a: Minor Destruction, Lesser Servant of Makhleb, Major Destruction, Renounce
Religion


You were on level 10 of the Dungeon.
You worshipped Makhleb.
Makhleb was greatly pleased with you.
You were not hungry.

You visited 2 branches of the dungeon, and saw 11 of its levels.
You also visited: Sewer and Ossuary.

You collected 374 gold pieces.

Inventory:

Hand Weapons
 a - a +2 shortbow
 b - a +2 quarterstaff of chaos (weapon)
 w - a +0 short sword of holy wrath
 K - a cursed +1 dire flail of crushing
 L - a +3 falchion
Missiles
 d - 121 arrows
 k - 249 stones
 v - 43 poisoned darts (quivered)
 F - 8 javelins
Armour
 y - a +3 leather armour of fire resistance
 B - a +1 cloak (worn)
 D - a +0 chain mail
 H - a +0 helmet (worn)
 O - a +1 leather armour of cold resistance
 R - a +0 plate armour (worn)
Wands
 m - a wand of paralysis (8)
 o - a wand of acid (11)
 t - a wand of random effects (45)
 N - a wand of flame (46)
 Q - a wand of disintegration (6)
Scrolls
 c - 2 scrolls of fog
 g - 7 scrolls of teleportation
 l - a scroll of enchant armour
 n - 6 scrolls of remove curse
 u - 3 scrolls of enchant weapon
 A - 3 scrolls of fear
 I - 3 scrolls of magic mapping
 P - a scroll of holy word
Potions
 f - 9 potions of curing
 h - 2 potions of ambrosia
 i - 2 potions of haste
 j - 6 potions of heal wounds
 p - 2 potions of lignification
 q - 2 potions of resistance
 r - 3 potions of might
 s - 2 potions of berserk rage
 x - 4 potions of flight
 C - 2 potions of brilliance
 E - 3 potions of magic
 G - 3 potions of agility
 J - a potion of invisibility {unknown}
 M - a potion of mutation {unknown}
Comestibles
 e - 24 rations
 z - 2 chunks of flesh


   Skills:
 + Level 8.2 Fighting
 + Level 13.6 Bows
 * Level 7.5 Armour
 - Level 1.3 Dodging
 - Level 0.4 Stealth
 + Level 5.2 Invocations


You had 9 spell levels left.
You didn't know any spells.
Your spell library contained the following spells:

 Spells                   Type           Power        Failure   Level  Hunger
 Animate Skeleton         Necr           N/A          100%        1    ##.....
 Apportation              Tloc           #.....       100%        1    ##.....
 Confusing Touch          Hex            #.....       100%        1    ##.....
 Shock                    Conj/Air       #...         100%        1    ##.....
 Summon Small Mammal      Summ           #...         100%        1    ##.....
 Swiftness                Chrm/Air       #.......     100%        2    ###....
 Static Discharge         Conj/Air       #.......     100%        3    ####...
 Airstrike                Air            #.........   100%        4    #####..
 Lightning Bolt           Conj/Air       #.........   100%        5    ######.


Dungeon Overview and Level Annotations

Branches:
Dungeon (10/15)            Temple (1/1) D:6             Orc (0/2) D:9
  Sewer (visited)         Ossuary (visited)
   Lair: D:8-11

Altars:
Ashenzari
Cheibriados
Dithmenos
Elyvilon
Fedhas
Gozag
Hepliaklqana
Kikubaaqudgha
Makhleb
Nemelex Xobeh
Okawaru
Qazlal
Ru
Sif Muna
Trog
Uskayaw
Vehumet
Wu Jian
Xom
Yredelemnul
Zin
The Shining One

Shops:
D:5 :

Annotations:
D:1 exclusion: downstairs
D:9 3 runed translucent doors, Froggeryz's ghost, novice HaAs; Linguinho's ghost, novice TrBe; TerjeT's ghost, novice DrEE
D:10 Snorg; Urug


Innate Abilities, Weirdness & Mutations

You have hooves in place of feet.
Armour fits poorly on your strangely shaped body.
You cover ground very quickly.
You have extremely tough skin. (AC +3)


Message History

Snorg claws you but does no damage.
Your plate armour prevents you from hitting Snorg.
Snorg is heavily wounded.
Snorg bites you. Snorg claws you but does no damage. x2
You sock Snorg!
The air around Snorg crackles with energy!
You kick Snorg!
Snorg is severely wounded.
Snorg goes berserk!
Snorg bites you! Snorg barely misses you. Snorg claws you but does no damage.
You barely miss Snorg.
Snorg is severely wounded.
Snorg bites you! Snorg closely misses you. Snorg claws you but does no damage.
Snorg barely misses you. Snorg claws you but does no damage. Snorg claws you!
You sock Snorg! You freeze Snorg! You kick Snorg!
Snorg is almost dead.
Snorg bites you!!
* * * LOW HITPOINT WARNING * * *
Snorg claws you but does no damage. x2; Snorg bites you!
You die...

+# #.. #.. #(# .
####(####+####
#########............#
..............÷......#
........#......<...÷.#
.......##............#
.......##.......T....#
.......##.(.....@....#
.......##............#
.......##............#
.......##............#
.########............#
.### #########+####
...### ##...# ####'###


You could see Snorg (berserk).

Vanquished Creatures
  A manticore (D:10)
  Joseph (D:7)
  A troll (D:9)
  Grinder (D:4)
  2 hippogriffs
  A spriggan (D:8)
  A wraith (Ossuary)
  Grum (D:8)
  Eustachio (Temple)
  A hungry ghost (D:9)
  Edmund (Temple)
  2 sky beasts
  5 orc warriors
  2 black bears
  3 ice beasts (D:9)
  A phantom (D:10)
  2 wolves (D:8)
  6 ogres
  5 centaurs
  2 big kobolds
  6 bullfrogs
  3 gnoll sergeants (D:9)
  A water moccasin zombie (D:9)
  3 scorpions
  3 killer bees (D:10)
  3 jellies
  5 wights (D:9)
  3 electric eels (D:4)
  5 howler monkeys
  7 crimson imps
  2 centaur zombies
  2 bullfrog zombies
  Crazy Yiuf (D:5)
  6 orc wizards
  A quasit (D:8)
  2 orc priests
  A centaur skeleton (D:9)
  5 hounds
  2 iguanas
  4 worker ants
  3 hound zombies
  3 mummies (Ossuary)
  3 worker ant zombies
  6 gnolls (D:9)
  12 adders
  3 shadow imps
  5 oozes
  5 adder skeletons
  An adder zombie (D:4)
  4 worms
  2 dart slugs (D:1)
  8 leopard geckos
  37 orcs
  12 bats
  7 giant cockroaches
  A gnoll zombie (Ossuary)
  4 goblins
  12 hobgoblins
  6 jackals
  5 quokkas
  8 ball pythons
  4 frilled lizards
  5 goblin zombies (Ossuary)
  3 hobgoblin zombies (Ossuary)
  A jackal zombie (D:4)
  21 kobolds
  2 quokka skeletons
  A quokka zombie (D:5)
  8 rats
297 creatures vanquished.

Vanquished Creatures (others)
  A quokka (D:10)
1 creature vanquished.

Grand Total: 298 creatures vanquished

Notes
Turn   | Place    | Note
-------+----------+-------------------------------------------
     0 | D:1      | Gumption the Centaur Hunter began the quest for the Orb.
     0 | D:1      | Reached XP level 1. HP: 17/17 MP: 1/1
   293 | D:1      | Reached XP level 2. HP: 24/24 MP: 2/2
   421 | D:1      | Reached skill level 6 in Bows
   781 | D:1      | Reached XP level 3. HP: 28/30 MP: 3/3
  1909 | D:2      | Reached XP level 4. HP: 29/38 MP: 4/4
  2285 | D:2      | Found a shadowy altar of Dithmenos.
  2287 | D:2      | Found a snail-covered altar of Cheibriados.
  2289 | D:2      | Found a basalt altar of Yredelemnul.
  2467 | D:2      | Reached skill level 7 in Bows
  3354 | D:3      | Reached XP level 5. HP: 44/45 MP: 5/5
  3572 | D:3      | Found a radiant altar of Vehumet.
  3964 | D:4      | Found a transporter.
  4035 | D:4      | Found a glowing drain.
  4055 | Sewer    | Entered a sewer
  4205 | Sewer    | Reached skill level 8 in Bows
  4484 | Sewer    | Reached XP level 6. HP: 20/52 MP: 6/6
  4781 | D:4      | Noticed Grinder
  4791 | D:4      | Paralysed by Grinder for 7 turns
  4950 | D:4      | Found a transporter.
  5399 | D:4      | Reached skill level 9 in Bows
  5488 | D:4      | Found an ornate altar of the Wu Jian Council.
  5619 | D:4      | Killed Grinder
  5619 | D:4      | Reached skill level 1 in Armour
  5619 | D:4      | Reached XP level 7. HP: 39/60 MP: 7/7
  5973 | D:5      | Entered Level 5 of the Dungeon
  5981 | D:5      | Found Wenkuz's Book Shop.
  6368 | D:5      | Found a runed translucent door.
  6369 | D:5      | Noticed Crazy Yiuf
  6899 | D:5      | Killed Crazy Yiuf
  6899 | D:5      | Reached skill level 10 in Bows
  7073 | D:6      | Reached skill level 5 in Fighting
  7301 | D:6      | Reached XP level 8. HP: 68/68 MP: 8/8
  7337 | D:6      | Found a staircase to the Ecumenical Temple.
  7349 | D:6      | Noticed Eustachio
  7350 | D:6      | Noticed Edmund
  7352 | Temple   | Entered the Ecumenical Temple
  7568 | Temple   | Became a worshipper of Makhleb the Destroyer
  7619 | Temple   | Killed Edmund
  7804 | Temple   | Killed Eustachio
  8329 | D:6      | Reached skill level 11 in Bows
  8631 | D:7      | Found a sand-covered staircase.
  8670 | Ossuary  | Entered an ossuary
  9501 | D:7      | Reached * piety under Makhleb
  9551 | D:7      | Noticed Joseph
 10189 | D:7      | Killed Joseph
 10189 | D:7      | Reached skill level 12 in Bows
 10189 | D:7      | Reached XP level 9. HP: 63/75 MP: 9/9
 10472 | D:7      | Reached skill level 5 in Armour
 11014 | D:8      | Reached skill level 1 in Invocations
 11037 | D:8      | Noticed Grum
 11046 | D:8      | Killed Grum
 11340 | D:8      | Reached ** piety under Makhleb
 11639 | D:8      | Reached XP level 10. HP: 75/86 MP: 12/12
 12403 | D:9      | Reached skill level 13 in Bows
 12613 | D:9      | Found a shimmering altar of Xom.
 12654 | D:9      | Found a runed translucent gate.
 12654 | D:9      | Found a runed translucent gate.
 12654 | D:9      | Found a runed translucent gate.
 12963 | D:9      | Reached *** piety under Makhleb
 13046 | D:9      | Found a staircase to the Orcish Mines.
 13712 | D:9      | Reached **** piety under Makhleb
 14052 | D:9      | Noticed TerjeT's ghost (novice DrEE)
 14052 | D:9      | Noticed Froggeryz's ghost (novice HaAs)
 14052 | D:9      | Noticed Linguinho's ghost (novice TrBe)
 14091 | D:10     | Entered Level 10 of the Dungeon
 14164 | D:10     | Reached skill level 5 in Invocations
 14205 | D:10     | Noticed Urug
 14555 | D:10     | Noticed a manticore
 14563 | D:10     | Killed a manticore
 14713 | D:10     | Found a white marble altar of Elyvilon.
 14730 | D:10     | Noticed Snorg
 14753 | D:10     | Slain by Snorg

Levels and vault maps discovered:
D:1:      wheals_arrival_shading, layout_basic
D:2:      layout_basic, gammafunk_temple_overflow_forgotten
D:3:      layout_basic, vehumet_crystals
D:4:      gammafunk_steamed_eel, layout_rooms, marbit_many_paths, serial_undead,
          serial_undead_e, serial_undead_e, serial_undead_f, serial_undead_c,
          serial_undead_a, serial_undead_f, portal_sewer_entry_f, uniq_grinder
D:5:      layout_cave_pods, first_ration, serial_shops, shop,
          uniq_crazy_yiuf_cottage
D:6:      layout_basic, minmay_temple_entry_drinking_statues, uniq_eustachio,
          uniq_edmund
D:7:      layout_rooms, nicolae_ossuary_entry_ruins, uniq_joseph
D:8:      layout_loops_corners, the_bakery, uniq_grum
D:9:      minmay_evil_eye, layout_basic, lemuel_crystal_altar,
          kennysheep_orc_monster_closet_entryway, gammafunk_ghost_cemetery,
          item_on_display_a
D:10:     layout_roguey, serial_shops, nicolae_shop_window_shopping,
          elyvilon_altar_4, uniq_snorg, uniq_urug
Temple:   regret_index_temple_sphere_string

Skill      XL: |  1  2  3  4  5  6  7  8  9 10 |
---------------+-------------------------------+-----
Bows           | 6 7 8 9 10 12 13 | 13.6
Fighting       | 3 4 5 6 7 8 |  8.2
Armour         | 1 2 4 6 7 |  7.5
Invocations    | 2 5 |  5.2
Dodging        | |  1.3
Stealth        | |  0.4

Action                   |  1- 3 |  4- 6 |  7- 9 | 10-12 || total
-------------------------+-------+-------+-------+-------++-------
Melee: Short sword       |    56 |   203 |    37 |     1 ||   297
       Kick              |     7 |    37 |    29 |     8 ||    81
       Quarterstaff      |       |       |    91 |    39 ||   130
 Fire: Shortbow          |    36 |    90 |   338 |   388 ||   852
Throw: Stone             |    10 |    14 |       |       ||    24
       Dart              |       |     7 |     6 |     2 ||    15
Evoke: Wand              |       |       |       |     3 ||     3
  Use: Scroll            |       |    10 |    17 |     2 ||    29
       Potion            |       |     2 |     3 |     1 ||     6
 Stab: Confused          |       |       |     1 |       ||     1
       Paralysed         |       |       |     1 |       ||     1
  Eat: Chunk             |     2 |     9 |     8 |     8 ||    27
       Ration            |       |       |     2 |       ||     2
Armor: Leather armour    |     7 |       |       |       ||     7
       Ring mail         |    13 |    99 |       |       ||   112
       Chain mail        |       |    19 |   164 |    25 ||   208
       Plate armour      |       |       |       |    34 ||    34
       Skin              |       |       |       |    11 ||    11
Dodge: Dodged            |    21 |   111 |    68 |    18 ||   218

Table legend:
 A = Non-vault XP
 B = Vault XP
 C = Vault XP percentage of total XP
 D = Non-vault monster count
 E = Vault monster count
 F = Vault count percentage of total count
                 A         B        C        D         E       F
            +---------+---------+-------+---------+---------+-------
      Total |    7051 |    3871 |  35.4 |     208 |      89 |  30.0
            +---------+---------+-------+---------+---------+-------
        D:1 |      49 |       0 |   0.0 |      22 |       0 |   0.0
        D:2 |     107 |       0 |   0.0 |      27 |       0 |   0.0
        D:3 |      58 |       0 |   0.0 |      22 |       0 |   0.0
        D:4 |     115 |     629 |  84.5 |       7 |      20 |  74.1
        D:5 |     251 |      42 |  14.3 |       9 |       1 |  10.0
        D:6 |     479 |       0 |   0.0 |      12 |       0 |   0.0
        D:7 |     947 |     450 |  32.2 |      21 |       1 |   4.5
        D:8 |    1524 |     638 |  29.5 |      30 |       4 |  11.8
        D:9 |    2362 |    1342 |  36.2 |      48 |      24 |  33.3
       D:10 |    1148 |       0 |   0.0 |       9 |       0 |   0.0
     Temple |      11 |     352 |  97.0 |       1 |       2 |  66.7
      Sewer |       0 |     142 | 100.0 |       0 |      24 | 100.0
    Ossuary |       0 |     276 | 100.0 |       0 |      13 | 100.0
            +---------+---------+-------+---------+---------+-------
